 Dungeon Crawl Stone Soup version 0.18.1-48-g4cf74bf (webtiles) character file.

3287 Kisielow the Martial Artist (level 10, -1/76 HPs)
             Began as a Merfolk Transmuter on June 25, 2016.
             Was an Elder of Makhleb.
             Slain by letownia's ghost (12 damage)
             ... in a bailey.
             The game lasted 00:19:01 (8725 turns).

Kisielow the Martial Artist (Merfolk Transmuter)    Turns: 8725, Time: 00:19:02

Health: -1/76      AC:  2    Str: 11    XL:     10   Next: 1%
Magic:  12/13      EV: 28    Int: 17    God:    Makhleb [****..]
Gold:   421        SH:  0    Dex: 20    Spells: 3 memorised, 4 levels left

rFire  + . .     SeeInvis .       - Unarmed
rCold  . . .     Gourm    .     (armour currently unavailable)
rNeg   . . .     Faith    .     (shield currently unavailable)
rPois  x         Spirit   .     (helmet currently unavailable)
rElec  .         Dismiss  .     (cloak currently unavailable)
rCorr  .         Reflect  .     (gloves currently unavailable)
SustAt .         Harm     .     (boots currently unavailable)
MR     .....     Clarity  +     (no amulet)
Stlth  +++.......               y - ring of protection from fire
                                i - ring of stealth

@: spider-form, not resistant to hostile enchantments, fairly stealthy
A: (change form in water), (swift swim), berserk 1, clarity, clever 1
a: End Transformation, Minor Destruction, Lesser Servant of Makhleb, Major
Destruction, Renounce Religion


You were in a bailey.
You worshipped Makhleb.
Makhleb was greatly pleased with you.
You were not hungry.
You were a venomous arachnid creature.
You visited 2 branches of the dungeon, and saw 9 of its levels.
You also visited: Ossuary and Bailey.

You collected 421 gold pieces.

Inventory:

Missiles
 a - 150 arrows
Armour
 l - a cursed +1 robe (melded)
 t - the +1 robe of Shielding {Str+6, unknown}
   (You found it in an ossuary)

   It affects your strength (+6).
 u - a +0 cloak (melded)
Jewellery
 i - a ring of stealth (left front leg)
 y - a ring of protection from fire (right front leg)
Wands
 m - a wand of lightning (15/15)
 x - a wand of lightning (10/15)
Scrolls
 g - 3 scrolls of enchant armour
 j - a scroll of magic mapping
 n - 2 scrolls of fog
 v - 2 scrolls of enchant weapon
 w - a scroll of blinking
 B - a scroll of recharging
Potions
 b - 2 potions of lignification
 e - 2 potions of curing
 h - a potion of agility
 o - 2 potions of cure mutation
 p - a potion of resistance
 q - a potion of brilliance
 s - a potion of might
 A - a potion of cancellation
Books
 c - a book of Changes

   Spells                             Type                      Level
   a - Beastly Appendage              Transmutation                1
   b - Sticks to Snakes               Transmutation                2
   c - Spider Form                    Transmutation/Poison         3
   d - Ice Form                       Ice/Transmutation            4
   e - Blade Hands                    Transmutation                5
 k - a book of the Tempests

   Spells                             Type                      Level
   a - Static Discharge               Conjuration/Air              3
   b - Lightning Bolt                 Conjuration/Air              5
   c - Fireball                       Conjuration/Fire             5
   d - Tornado                        Air                          9
   e - Shatter                        Earth                        9
Comestibles
 d - 8 bread rations
 f - 2 meat rations
 r - 2 slices of pizza
 z - 2 beef jerkies
 C - a chunk of flesh


   Skills:
 - Level 6.1 Fighting
 - Level 7.5 Dodging
 - Level 10.0 Unarmed Combat
 - Level 2.0 Spellcasting
 * Level 8.4 Transmutations
 - Level 3.0 Poison Magic
 + Level 2.8 Invocations


You had 4 spell levels left.
You knew the following spells:

 Your Spells              Type           Power        Failure   Level  Hunger
a - Beastly Appendage     Trmt           ####..       4%          1    #......
q - Spider Form           Trmt/Pois      ###.......   21%         3    ###....
w - Blade Hands           Trmt           ####......   41%         5    ######.


Dungeon Overview and Level Annotations

Branches:
Dungeon (8/15)             Temple (1/1) D:4
   Lair: D:8-11

Altars:
Ashenzari
Cheibriados
Dithmenos
Elyvilon
Fedhas
Gozag
Kikubaaqudgha
Makhleb
Nemelex Xobeh
Okawaru
Pakellas
Qazlal
Ru
Sif Muna
Trog
Vehumet
Xom
Yredelemnul
Zin
The Shining One

Annotations:
Bailey letownia's ghost, novice TrWz


Innate Abilities, Weirdness & Mutations

((You revert to your normal form in water.))
((You are very nimble and swift while swimming.))
You tend to lose your temper in combat.
You possess an exceptional clarity of mind.
Your mind is acute. (Int +2)


Message History

You are too injured to fight recklessly!
You are too injured to fight recklessly!
You are too injured to fight recklessly!
You are too injured to fight recklessly!
You are too injured to fight recklessly!
You are too injured to fight recklessly!
You are too injured to fight recklessly!
You hit letownia's ghost.
Letownia's ghost is severely damaged.
Letownia's ghost hits you!
* * * LOW HITPOINT WARNING * * *
You bite letownia's ghost!
Letownia's ghost is almost destroyed.
You closely miss letownia's ghost.
Letownia's ghost is almost destroyed.
Letownia's ghost barely misses you.
You hit letownia's ghost.
Letownia's ghost is almost destroyed.
Letownia's ghost hits you!
You die...

#..! #...
##...
###...#
##.....##
##.......##
#.........#
#....s....#
#.....W...#
##.......##
###...###
#####


You could see letownia's ghost.

Vanquished Creatures
  Joseph (D:7)
  Sigmund (D:6)
  Eustachio (D:5)
  A wyvern (D:6)
  A hippogriff (D:7)
  2 orc warriors
  An eye of draining (D:8)
  A sky beast (D:5)
  A black bear (D:7)
  2 ogres
  A centaur (D:8)
  A big kobold (D:7)
  An elf zombie (Ossuary)
  3 giant frogs
  2 scorpions
  5 howler monkeys
  4 hounds
  A crimson imp (D:6)
  3 orc priests
  A human zombie (Ossuary)
  2 jellies
  4 orc wizards
  Crazy Yiuf (D:6)
  Jessica (D:3)
  An iguana (D:7)
  8 worker ants
  2 hound zombies
  4 mummies (Ossuary)
  A worker ant zombie (D:8)
  12 adders
  A shadow imp (D:8)
  An ooze (D:4)
  4 adder skeletons
  2 adder zombies (Ossuary)
  A worm (D:5)
  2 dart slugs
  3 giant geckos
  23 orcs
  9 bats
  3 giant cockroaches
  11 goblins
  5 hobgoblins (D:3)
  6 jackals
  3 quokkas
  A ball python (D:4)
  A giant gecko skeleton (D:5)
  9 giant newts
  A hobgoblin zombie (Ossuary)
  2 jackal skeletons
  A jackal zombie (Ossuary)
  13 kobolds
  A kobold zombie (Ossuary)
  3 orc zombies
  A quokka zombie (D:8)
  7 rats
  3 rat zombies (Ossuary)
  A fungus (D:6)
188 creatures vanquished.

Notes
Turn   | Place    | Note
--------------------------------------------------------------
     0 | D:1      | Kisielow the Merfolk Transmuter began the quest for the Orb.
     0 | D:1      | Reached XP level 1. HP: 15/15 MP: 3/3
   303 | D:1      | Reached XP level 2. HP: 19/21 MP: 5/5
   312 | D:1      | Reached skill level 4 in Unarmed Combat
   702 | D:2      | Reached XP level 3. HP: 11/26 MP: 4/6
   922 | D:2      | Learned a level 3 spell: Spider Form
   969 | D:2      | Found a burning altar of Makhleb.
   979 | D:2      | Became a worshipper of Makhleb the Destroyer
  1706 | D:2      | Reached skill level 1 in Poison Magic
  2031 | D:3      | Reached XP level 4. HP: 30/32 MP: 5/7
  2161 | D:3      | Reached * piety under Makhleb
  2256 | D:3      | Reached XP level 5. HP: 5/37 MP: 5/8
  2543 | D:3      | Found a faded altar to an unknown god.
  2559 | D:3      | Noticed Jessica
  2564 | D:3      | Killed Jessica
  2910 | D:3      | You fall through a shaft!
  2910 | D:4      | Found a staircase to the Ecumenical Temple.
  3037 | D:3      | Reached skill level 5 in Transmutations
  3327 | D:4      | Reached XP level 6. HP: 43/43 MP: 5/9
  3329 | D:4      | Reached ** piety under Makhleb
  3414 | Temple   | Entered the Ecumenical Temple
  3554 | D:4      | Reached skill level 5 in Unarmed Combat
  3889 | D:4      | Reached XP level 7. HP: 47/50 MP: 10/10
  4041 | D:4      | Found a snail-covered altar of Cheibriados.
  4226 | D:5      | Entered Level 5 of the Dungeon
  4568 | D:5      | Reached skill level 6 in Unarmed Combat
  5005 | D:5      | Found a sacrificial altar of Ru.
  5008 | D:5      | Found a shimmering altar of Xom.
  5045 | D:5      | Reached skill level 5 in Dodging
  5045 | D:5      | Reached XP level 8. HP: 56/58 MP: 4/11
  5052 | D:5      | Reached skill level 7 in Unarmed Combat
  5230 | D:5      | Found a bloodstained altar of Trog.
  5306 | D:5      | Noticed Eustachio
  5316 | D:5      | Killed Eustachio
  5420 | D:6      | Learned a level 5 spell: Blade Hands
  5427 | D:6      | Noticed a wyvern
  5440 | D:6      | Killed a wyvern
  5453 | D:6      | Reached *** piety under Makhleb
  5491 | D:6      | Found a sand-covered staircase.
  5500 | D:6      | Reached skill level 8 in Unarmed Combat
  5520 | Ossuary  | Entered an ossuary
  5943 | Ossuary  | Got an ichor-stained robe
  6102 | D:6      | Noticed Sigmund
  6118 | D:6      | Killed Sigmund
  6118 | D:6      | Reached skill level 5 in Fighting
  6118 | D:6      | Reached XP level 9. HP: 40/68 MP: 9/12
  6427 | D:6      | Found an ancient bone altar of Kikubaaqudgha.
  6489 | D:6      | Found a glowing golden altar of the Shining One.
  6638 | D:6      | Noticed Crazy Yiuf
  6643 | D:6      | Killed Crazy Yiuf
  6710 | D:7      | Reached skill level 9 in Unarmed Combat
  6829 | D:7      | Gained mutation: Your mind is acute. (Int +2) [potion of mutation]
  6829 | D:7      | Gained mutation: You possess an exceptional clarity of mind. [potion of mutation]
  6829 | D:7      | Gained mutation: You tend to lose your temper in combat. [potion of mutation]
  6895 | D:7      | Reached **** piety under Makhleb
  7060 | D:7      | Found a white marble altar of Elyvilon.
  7139 | D:7      | Found a basalt altar of Yredelemnul.
  7458 | D:7      | Noticed Joseph
  7523 | D:7      | Killed Joseph
  7942 | D:7      | Reached skill level 10 in Unarmed Combat
  8131 | D:7      | Reached skill level 1 in Invocations
  8475 | D:8      | Found a flagged portal.
  8529 | D:8      | Reached XP level 10. HP: 38/76 MP: 1/13
  8702 | Bailey   | Entered a bailey
  8702 | Bailey   | Noticed letownia's ghost (novice TrWz)
  8725 | Bailey   | Slain by letownia's ghost

Skill      XL: |  1  2  3  4  5  6  7  8  9 |
---------------+----------------------------+-----
Unarmed Combat | 4 5 6 8 10 | 10.0
Transmutations | 3 4 6 8 |  8.4
Poison Magic   | 1 2 3 |  3.0
Dodging        | 3 5 6 7 |  7.5
Fighting       | 2 3 5 6 |  6.1
Invocations    | 2 |  2.8
Spellcasting   | |  2.0

Action                   |  1- 3 |  4- 6 |  7- 9 | 10-12 || total
-------------------------+-------+-------+-------+-------++-------
Melee: Unarmed           |   109 |   166 |   368 |    22 ||   665
       Headbutt          |     9 |     3 |       |       ||    12
       Punch             |     1 |     2 |     3 |       ||     6
       Tailslap          |       |       |     4 |       ||     4
 Cast: Beastly Appendage |     9 |     3 |     2 |       ||    14
       Spider Form       |       |     7 |    43 |     1 ||    51
Invok: Minor Destruction |       |     2 |     8 |       ||    10
  Use: Potion            |     1 |     1 |     3 |       ||     5
       Scroll            |       |     9 |    15 |       ||    24
 Stab: Sleeping          |     2 |     2 |     1 |       ||     5
  Eat: Chunk             |     4 |     7 |    18 |     1 ||    30
       Royal jelly       |       |       |     1 |       ||     1
Armor: Robe              |    21 |     6 |    19 |       ||    46
       Skin              |       |     4 |    17 |       ||    21
Dodge: Dodged            |    86 |   115 |   543 |    12 ||   756
